 Dungeon Crawl Stone Soup version 0.32-a0-791-gfc315c9ecd (webtiles) character file.

Game seed: 1751199995197695930

47458 funkygono the Thaumaturge (level 14, -4/76 HPs)
             Began as a Gargoyle Fire Elementalist on Mar 14, 2024.
             Was a High Priest of Vehumet.
             Slain by a molten gargoyle
             ... wielding a +0 morningstar
              (9 damage)
             ... on level 5 of the Lair of Beasts on Mar 20, 2024.
             The game lasted 00:38:43 (18002 turns).

funkygono the Thaumaturge (GrFE)                   Turns: 18002, Time: 00:38:43

Health: -4/76      AC: 21    Str: 12    XL:     14   Next: 42%
Magic:  10/32      EV: 12    Int: 27    God:    Vehumet [*****.]
Gold:   651        SH:  0    Dex: 10    Spells: 15/41 levels left

rFire   . . .        g - +3 whip (flame)
rCold   + . .        (no shield)
rNeg    + . .        L - +2 robe {rC+}
rPois   ∞            u - +2 hat
rElec   +            v - +1 cloak
rCorr   .            t - +1 pair of gloves
SInv    .            (no boots)
Will    ++...        o - amulet of the acrobat
Stlth   +++          j - ring of willpower
HPRegen 0.32/turn    n - +6 ring of intelligence
MPRegen 0.23/turn

%: acrobat
@: flying
A: sickness immunity, AC +10, big wings, negative energy resistance 1,
electricity resistance, torment resistance 1, petrification resistance
a: Renounce Religion


You were on level 5 of the Lair of Beasts.
You worshipped Vehumet.
Vehumet was extremely pleased with you.
You visited 2 branches of the dungeon, and saw 15 of its levels.
You also visited: Ice Cave.

You collected 936 gold pieces.
You spent 285 gold pieces at shops.

Inventory:

Hand Weapons
 g - a +3 whip of flaming (weapon)
 N - a +2 morningstar of freezing
Missiles
 w - 5 throwing nets
Armour
 q - a +4 ring mail of willpower
 t - a +1 pair of gloves (worn)
 u - a +2 hat (worn)
 v - a +1 cloak (worn)
 y - +0 fire dragon scales
 L - a +2 robe of cold resistance (worn)
Jewellery
 e - a ring of protection from cold
 j - a ring of willpower (left hand)
 n - a +6 ring of intelligence (right hand)
 o - an amulet of the acrobat (around neck)
 x - a ring of fire
 M - a ring of protection from cold
Wands
 a - a wand of warping (12)
 i - a wand of flame (20)
 F - a wand of mindburst (6)
 O - a wand of charming (2)
Scrolls
 f - 5 scrolls of vulnerability
 l - 2 scrolls of poison
 s - a scroll of fog
 D - a scroll of fear
 G - a scroll of immolation
 I - 2 scrolls of amnesia
 J - 2 scrolls of blinking
 K - 2 scrolls of teleportation
Potions
 b - a potion of magic
 c - 2 potions of enlightenment
 d - a potion of resistance
 h - 2 potions of haste
 k - a potion of might
 m - 3 potions of cancellation
 p - a potion of lignification {unknown}
 r - 2 potions of attraction
 z - a potion of ambrosia
 A - 2 potions of mutation {unknown}
 B - 2 potions of brilliance {unknown}
 C - a potion of invisibility {unknown}
 E - 2 potions of degeneration {unknown}
 H - 2 potions of curing {unknown}
 P - 2 potions of heal wounds


   Skills:
 + Level 4.1 Fighting
 + Level 4.6 Maces & Flails
 + Level 6.6 Armour
 + Level 4.6 Dodging
 + Level 5.0 Stealth
 + Level 14.2 Spellcasting
 + Level 9.2 Conjurations
 + Level 13.7 Fire Magic
 + Level 1.1 Air Magic
 + Level 5.0 Earth Magic


You had 15 spell levels left.
You knew the following spells:

 Your Spells              Type           Power      Damage    Failure   Level
a - Foxfire               Conj/Fire      100%       2x1d9     1%          1
b - Scorch                Fire           100%       2d9       0%          2
c - Volatile Blastmotes   Fire/Tloc      100%       2d18      1%          3
d - Flame Wave            Conj/Fire      69%        2d16      1%          4
e - Sandblast             Erth           92%        2d19      1%          1
f - Brom's Barrelling Bo  Conj/Erth      55%        2d7       1%          4
g - Plasma Beam           Fire/Air       28%        2x1d40    5%          6
h - Lee's Rapid Deconstr  Erth           23%        3d13*     2%          5

Your spell library contained the following spells:

 Spells                   Type           Power      Damage    Failure   Level
 Kiss of Death            Conj/Necr      100%       2d13      1%          1
 Inner Flame              Hex/Fire       54%        N/A       1%          3
 Ignite Poison            Fire/Alch      54%        N/A       1%          4
 Summon Blazeheart Golem  Fire/Summ      54%        N/A       1%          4
 Apportation              Tloc           38%        N/A       2%          1
 Slow                     Hex            76%        N/A       2%          1
 Arcjolt                  Conj/Air       23%        1d33      2%          5
 Freezing Cloud           Conj/Ice/Air   18%        6-21      5%          5
 Confusing Touch          Hex            19%        N/A       9%          3
 Fugue of the Fallen      Necr           19%        N/A       9%          3
 Ozocubu's Armour         Ice            19%        N/A       9%          3
 Vampiric Draining        Necr           19%        2d7       9%          3
 Animate Armour           Summ/Erth      64%        N/A       10%         4
 Orb of Destruction       Conj           31%        9d10      14%         7
 Summon Lightning Spire   Summ/Air       22%        N/A       22%         4
 Vhi's Electric Charge    Tloc/Air       44%        N/A       22%         4
 Dispel Undead            Necr           19%        3d11      28%         4
 Manifold Assault         Tloc           19%        N/A       28%         4
 Spellforged Servitor     Conj/Summ      22%        N/A       63%         7
 Malign Gateway           Summ/Tloc      9%         N/A       100%        7
 Maxwell's Capacitive Co  Air            12%        ∞         100%        8
 Summon Horrible Things   Summ           9%         N/A       100%        8
 Cigotuvi's Dreadful Rot  Necr/Alch/Air  Unusable   N/A       N/A         2

Dungeon Overview and Level Annotations

Branches:
Dungeon (10/15)            Temple (0/1) D:5            Lair (5/5) D:10
 Shoals (0/4) Lair:2        Snake (0/4) Lair:3          Orc (0/2) D:9
  IceCv (visited)
  Slime: Lair:4-5

Altars:
Dithmenos
Gozag
Kikubaaqudgha
Ru
Sif Muna
Vehumet
Xom
Yredelemnul

Shops:
D:6 **

Annotations:
Lair:5 1 runed translucent door, Notanamesir's ghost, journeyman CoHu


Innate Abilities, Weirdness & Mutations

You are immune to sickness and miasma.
Your stone body is resilient. (AC +10)
You are immune to poison.
Your large and strong wings let you fly.
You resist negative energy. (rN+)
You are resistant to electric shocks. (rElec)
You are resistant to unholy torment.
You are immune to petrification.


Message History

The molten gargoyle hits you but does no damage.
The molten gargoyle misses you.
Unknown command.
You closely miss the molten gargoyle.
The molten gargoyle is heavily damaged.
The molten gargoyle blasts magma at you!
The bolt of magma misses you.
You hit the molten gargoyle but do no damage.
The molten gargoyle is heavily damaged.
The molten gargoyle blasts magma at you!
The bolt of magma misses you.
You hit the molten gargoyle but do no damage.
The molten gargoyle is heavily damaged.
You hit the molten gargoyle but do no damage.
The molten gargoyle is heavily damaged.
The molten gargoyle hits you but does no damage.
You hit the molten gargoyle but do no damage.
The molten gargoyle is heavily damaged.
The molten gargoyle misses you.
You barely miss the molten gargoyle.
The molten gargoyle is heavily damaged.
The molten gargoyle hits you with a +0 morningstar.
You are engulfed in flames!
You barely miss the molten gargoyle.
The molten gargoyle is heavily damaged.
The molten gargoyle closely misses you.
You hit the molten gargoyle but do no damage.
The molten gargoyle is heavily damaged.
The molten gargoyle hits you with a +0 morningstar!
* * * LOW HITPOINT WARNING * * *
You are engulfed in flames!
* * * LOW HITPOINT WARNING * * *
You hit the molten gargoyle but do no damage.
The molten gargoyle is heavily damaged.
The molten gargoyle blasts magma at you!
The bolt of magma misses you.
You barely miss the molten gargoyle.
The molten gargoyle is heavily damaged.
The molten gargoyle hits you with a +0 morningstar!
You die...

#####...P....### #....##
#≈≈####........# ###...#
##≈§# #.....#..# ####...##
≈≈≈## #..#.##..#####.###..#
≈≈### ##.###..###..#.###..#
≈≈§≈### ####.÷.#...........##
..≈≈≈S## ###÷÷.÷..[.÷.....#
.......#### ##÷..÷....#.....#
........÷.###..#@.######...##
......÷.....)#.9### #...#
≈≈#.........#.### ##..#
.≈§#.....9##### #.÷##
#.≈#.....## ##.<# #.§......#
#.#†### #≈.......# ###
#.....# #≈#......#
#.####.....## #§≈#......
##..........#


You could see a molten gargoyle.

Vanquished Creatures
  A reaper (IceCv)
  3 hydras (Lair:3)
  3 two-headed ogres
  A catoblepas (Lair:5)
  6 death yaks (Lair:3)
  4 skysharks
  A lindwurm (Lair:5)
  A salamander (Lair:3)
  2 ice statues (IceCv)
  4 elephants (Lair:5)
  Joseph (D:8)
  5 black mambas
  2 molten gargoyles
  11 cane toads
  3 rime drakes
  Maggie (D:10)
  6 ice devils (IceCv)
  An anaconda simulacrum (IceCv)
  14 komodo dragons
  3 polar bears
  2 hornets
  12 blink frogs
  A snapping turtle (Lair:2)
  2 dire elephant simulacra (IceCv)
  A shadow (D:9)
  A wraith (D:9)
  A water elemental (Lair:2)
  55 yaks
  9 wyverns
  4 steam dragons
  6 basilisks
  Menkaure (D:5)
  2 vampire mosquitoes (D:10)
  A death yak simulacrum (IceCv)
  2 acid dragons (D:8)
  Edmund (D:6)
  3 nagas (Lair:3)
  17 water moccasins
  3 hell hounds (Lair:5)
  A hydra simulacrum (IceCv)
  An ice beast (D:7)
  An orc warrior (D:7)
  Pargi (D:3)
  2 black bears
  An ogre (D:6)
  A centaur (D:9)
  A phantom (D:6)
  6 kobold brigands
  12 bullfrogs
  4 scorpions (D:6)
  3 two-headed ogre simulacra (IceCv)
  5 wights (D:10)
  10 killer bees
  An elephant simulacrum (IceCv)
  3 jellies
  2 howler monkeys
  An electric eel (Lair:2)
  A lava snake (Lair:5)
  6 hounds
  2 orc priests
  6 iguanas
  A sleepcap (D:7)
  3 troll simulacra (IceCv)
  9 orc wizards
  A polar bear simulacrum (IceCv)
  2 spriggan simulacra (IceCv)
  2 wolf simulacra (IceCv)
  3 adders
  8 gnolls
  A naga simulacrum (IceCv)
  A shadow imp (D:5)
  4 white imps
  4 ufetubi
  4 dart slugs
  A ribbon worm (D:5)
  30 orcs
  8 endoplasms
  2 giant cockroaches
  9 goblins
  5 hobgoblins
  6 jackals
  4 quokkas
  6 ball pythons
  4 bats
  4 frilled lizards
  34 kobolds
  3 rats
427 creatures vanquished.

Vanquished Creatures (collateral kills)
  11 foxfires
11 creatures vanquished.

Vanquished Creatures (others)
  An ufetubus (IceCv)
  1095 foxfires
1096 creatures vanquished.

Grand Total: 1534 creatures vanquished

Notes
Turn   | Place    | Note
-------+----------+-------------------------------------------
     0 | D:1      | funkygono the Gargoyle Fire Elementalist began the quest
                  | for the Orb.
     0 | D:1      | Reached XP level 1. HP: 10/10 MP: 3/3
   261 | D:1      | Reached XP level 2. HP: 15/15 MP: 0/5
   264 | D:1      | Learned a level 2 spell: Scorch
   681 | D:1      | Reached XP level 3. HP: 19/19 MP: 3/6
   685 | D:1      | Learned a level 3 spell: Volatile Blastmotes
  1592 | D:2      | Found a sacrificial altar of Ru.
  1882 | D:2      | Reached XP level 4. HP: 24/24 MP: 7/7
  2385 | D:3      | Noticed Pargi
  2390 | D:3      | Killed Pargi
  2391 | D:3      | Reached skill level 1 in Maces & Flails
  2391 | D:3      | Reached XP level 5. HP: 28/28 MP: 1/9
  2553 | D:3      | Reached skill level 3 in Spellcasting
  2922 | D:3      | Found a radiant altar of Vehumet.
  2925 | D:3      | Became a worshipper of Vehumet
  2933 | D:3      | Found an ancient bone altar of Kikubaaqudgha.
  2934 | D:3      | Found a shimmering blue altar of Sif Muna.
  2941 | D:3      | Got Sif Muna's Incunabulum of Points
  3085 | D:4      | Learned a level 4 spell: Flame Wave
  3142 | D:4      | Reached skill level 1 in Fighting
  3142 | D:4      | Reached XP level 6. HP: 34/34 MP: 7/10
  3576 | D:4      | Found a shadowy altar of Dithmenos.
  3584 | D:4      | Found a shimmering altar of Xom.
  3763 | D:5      | Entered Level 5 of the Dungeon
  3894 | D:5      | Noticed Menkaure
  3898 | D:5      | Killed Menkaure
  3898 | D:5      | Reached * piety under Vehumet
  3898 | D:5      | Offered knowledge of Sandblast by Vehumet.
  3899 | D:5      | Reached skill level 1 in Armour
  3899 | D:5      | Reached XP level 7. HP: 38/38 MP: 6/12
  3902 | D:5      | Learned a level 1 spell: Sandblast
  3996 | D:5      | Reached skill level 4 in Spellcasting
  4192 | D:5      | Found an opulent altar of Gozag.
  4192 | D:5      | Found a basalt altar of Yredelemnul.
  4570 | D:5      | Found a staircase to the Ecumenical Temple.
  4878 | D:6      | Reached skill level 5 in Fire Magic
  4899 | D:6      | Reached XP level 8. HP: 43/43 MP: 4/15
  5029 | D:6      | Found Ydiluus's Specific Store.
  5031 | D:6      | Found Byw Jeugio's General Store.
  5035 | D:6      | Bought a +2 leather armour of willpower for 285 gold pieces
  5057 | D:6      | Noticed Edmund
  5064 | D:6      | Killed Edmund
  5065 | D:6      | Reached skill level 5 in Spellcasting
  5928 | D:6      | Reached XP level 9. HP: 48/48 MP: 14/17
  6011 | D:6      | Offered knowledge of Momentum Strike by Vehumet.
  6070 | D:7      | Reached skill level 6 in Spellcasting
  6073 | D:7      | Reached ** piety under Vehumet
  6217 | D:7      | Noticed a hornet
  6227 | D:7      | Killed a hornet
  6967 | D:8      | Reached skill level 7 in Spellcasting
  7053 | D:8      | Noticed Joseph
  7059 | D:8      | Killed Joseph
  7075 | D:8      | Reached XP level 10. HP: 26/54 MP: 4/21
  7099 | D:8      | Offered knowledge of Static Discharge by Vehumet.
  7283 | D:8      | You fall into a shaft and drop 2 floors!
  7283 | D:10     | Entered Level 10 of the Dungeon
  7425 | D:10     | Reached skill level 8 in Spellcasting
  7630 | D:10     | Found a staircase to the Lair.
  7766 | D:9      | Found a staircase to the Orcish Mines.
  8013 | D:8      | Reached *** piety under Vehumet
  8490 | D:9      | Noticed a two-headed ogre
  8501 | D:9      | Killed a two-headed ogre
  8502 | D:9      | Reached skill level 5 in Conjurations
  8642 | D:9      | Reached skill level 9 in Spellcasting
  8747 | D:9      | Offered knowledge of Ignite Poison by Vehumet.
  8748 | D:9      | Reached skill level 1 in Earth Magic
  8748 | D:9      | Reached XP level 11. HP: 36/59 MP: 7/24
  9175 | D:9      | Reached skill level 10 in Fire Magic
  9596 | D:10     | Noticed a two-headed ogre
  9603 | D:10     | Killed a two-headed ogre
  9604 | D:10     | Reached skill level 10 in Spellcasting
  9697 | D:10     | Reached **** piety under Vehumet
  9713 | D:10     | Offered knowledge of Brom's Barrelling Boulder by Vehumet.
  9719 | D:10     | Learned a level 4 spell: Brom's Barrelling Boulder
  9838 | D:10     | Noticed a two-headed ogre
  9846 | D:10     | Killed a two-headed ogre
 10567 | Lair:1   | Entered Level 1 of the Lair of Beasts
 10579 | Lair:1   | Noticed Maggie
 10595 | D:10     | Reached XP level 12. HP: 43/64 MP: 0/26
 10598 | D:10     | Killed Maggie
 10963 | Lair:1   | Reached skill level 11 in Spellcasting
 10994 | Lair:1   | Reached ***** piety under Vehumet
 10994 | Lair:1   | Offered knowledge of Plasma Beam by Vehumet.
 11067 | Lair:1   | Learned a level 6 spell: Plasma Beam
 11091 | Lair:2   | Reached skill level 5 in Armour
 11398 | Lair:2   | Found a staircase to the Shoals.
 11548 | Lair:2   | Noticed a skyshark
 11565 | Lair:2   | Killed a skyshark
 12813 | Lair:2   | Upgraded the game from 0.32-a0-705-g60f233581c to
                  | 0.32-a0-791-gfc315c9ecd
 12866 | Lair:3   | Reached skill level 12 in Spellcasting
 13034 | Lair:3   | Noticed a skyshark
 13035 | Lair:3   | Noticed a six-headed hydra
 13044 | Lair:3   | Killed a skyshark
 13391 | Lair:3   | Noticed a death yak
 13391 | Lair:3   | Noticed a death yak
 13393 | Lair:3   | Noticed a death yak
 13413 | Lair:3   | Noticed a death yak
 13415 | Lair:3   | Noticed a death yak
 13416 | Lair:3   | Noticed a death yak
 13417 | Lair:3   | Killed a death yak
 13417 | Lair:3   | Killed a death yak
 13418 | Lair:3   | Reached XP level 13. HP: 55/70 MP: 10/29
 13756 | Lair:3   | Reached skill level 13 in Spellcasting
 13935 | Lair:3   | Found a staircase to the Snake Pit.
 14470 | Lair:3   | Learned a level 5 spell: Lee's Rapid Deconstruction
 14708 | Lair:4   | Reached skill level 5 in Stealth
 15568 | Lair:4   | Identified a scroll of acquirement
 15568 | Lair:4   | Acquired a Trismegistus Codex
 15588 | Lair:5   | Entered Level 5 of the Lair of Beasts
 15856 | Lair:4   | HP: 3/70 [molten gargoyle/bolt of magma (4)]
 16083 | Lair:5   | Found a frozen archway.
 16088 | IceCv    | Entered an ice cave
 16361 | IceCv    | Gained mutation: Your large and strong wings let you fly.
                  | [Gargoyle growth]
 16361 | IceCv    | Reached XP level 14. HP: 76/76 MP: 20/31
 16622 | IceCv    | Noticed a reaper
 16632 | IceCv    | Killed a reaper
 16964 | Lair:5   | Reached skill level 14 in Spellcasting
 17316 | Lair:5   | Found a runed translucent door.
 17317 | Lair:5   | Noticed Notanamesir's ghost (journeyman CoHu)
 17577 | Lair:5   | Reached skill level 5 in Earth Magic
 17746 | Lair:5   | Reached skill level 1 in Air Magic
 18002 | Lair:5   | Slain by a molten gargoyle

Illustrated notes

Levels and vault maps discovered:
D:1:      elethiomel_arrival_shortcut, layout_loops_ring, serial_bayou_pond_a,
          supply_closet_lemuel, minmay_tetromino_t2
D:2:      layout_basic, basic_altar, minmay_circled_x
D:3:      layout_basic, grunt_temple_overflow_magic_moments, uniq_pargi
D:4:      layout_basic, overflow_temple_1_default, lemuel_tele_altar,
          minivault_25
D:5:      layout_basic, gammafunk_temple_overflow_pools,
          minmay_temple_entry_junction_2, uniq_menkaure
D:6:      minmay_inner_zag, layout_basic, dk_noncrumbling_3,
          grunt_decor_mini_mirrors, nicolae_specific_store, uniq_edmund
D:7:      layout_rooms, kennysheep_generic_room_16
D:8:      layout_loops_ring, uniq_joseph
D:9:      layout_stronghold, orc_0_dummy
D:10:     layout_irregular_city, minmay_lair_entry_grove
Lair:1:   layout_big_grid, uniq_maggie
Lair:2:   layout_cellular_growth, minmay_shoals_entry_hut, st_stairs_6
Lair:3:   layout_misc_corridors, alex1729_snake_entry_snake
Lair:4:   layout_regular_city, nicolae_quartered_pool_little, st_stairs_13
Lair:5:   cheibrodos_lair_end_hotspot, layout_loops_ring, slime_entry_1,
          portal_ice_cave_entry_pillars_1, ebering_ghost_reflecting_pool,
          hellmonk_talismancer

Skill      XL: |  1  2  3  4  5  6  7  8  9 10 11 12 13 14 |
---------------+-------------------------------------------+-----
Fire Magic     | 4 5 6 8 9 10 12 13 | 13.7
Maces & Flails | 1 2 3 4 |  4.6
Conjurations   | 2 3 4 5 6 7 8 9 |  9.2
Spellcasting   | 3 4 5 7 9 10 12 13 14 | 14.2
Dodging        | 2 3 4 |  4.6
Fighting       | 1 2 3 4 |  4.1
Stealth        | 3 4 5 |  5.0
Armour         | 1 2 3 4 5 6 |  6.6
Earth Magic    | 1 2 3 4 5 |  5.0
Air Magic      | 1 |  1.1

Action                     |  1- 3 |  4- 6 |  7- 9 | 10-12 | 13-15 || total
---------------------------+-------+-------+-------+-------+-------++-------
  Melee: Club              |     8 |       |       |       |       ||     8
         Whip              |    27 |    47 |    86 |    82 |    50 ||   292
   Cast: Foxfire           |    53 |    31 |   121 |   250 |   184 ||   639
         Scorch            |     2 |     8 |    56 |   105 |    78 ||   249
         Sandblast         |       |       |     7 |    38 |    14 ||    59
         Flame Wave        |       |       |       |    29 |    42 ||    71
         Brom's Barrelling |       |       |       |     7 |     1 ||     8
         Lee's Rapid Decon |       |       |       |       |     6 ||     6
         Plasma Beam       |       |       |       |       |    12 ||    12
    Use: Scroll            |       |    10 |     6 |     8 |     2 ||    26
         Potion            |       |       |       |       |     8 ||     8
   Stab: Sleeping          |     1 |     2 |       |       |       ||     3
 Armour: Robe              |    26 |     9 |       |       |    79 ||   114
         Leather armour    |       |    22 |    79 |   104 |       ||   205
         Ring mail         |       |       |       |    91 |   145 ||   236
  Dodge: Dodged            |    32 |    24 |    64 |   143 |   213 ||   476

Table legend: (Time is in decaauts)
 A = Elapsed time spent in this place.
 B = Non-inter-level travel time spent in this place.
 C = Inter-level travel time spent in this place.
 D = Time resting spent in this place.
 E = Time spent auto-exploring this place.
 F = Levels seen in this place.
 G = Mean time per level.
                   A        B        C        D        E       F      G
               +--------+--------+--------+--------+--------+-----+--------+
         Total |  18039 |  17686 |    353 |    632 |  13836 |  16 | 1127.4 |
       Dungeon |  10721 |  10451 |    270 |    154 |   8446 |  10 | 1072.1 |
          Lair |   6471 |   6389 |     82 |    274 |   4967 |   5 | 1294.2 |
      Ice Cave |    847 |    847 |      0 |    204 |    422 |   1 |  847.0 |
               +--------+--------+--------+--------+--------+-----+--------+

Top non-repeatable levels by time:
  Lair:2: 1870 daAuts
    D:10: 1702 daAuts
  Lair:3: 1696 daAuts
  Lair:5: 1373 daAuts
     D:6: 1195 daAuts
     D:9: 1190 daAuts
  Lair:4: 1152 daAuts
     D:1: 1136 daAuts
     D:5: 1114 daAuts
     D:2: 1001 daAuts
     D:8: 923 daAuts
     D:3: 865 daAuts
   IceCv: 847 daAuts
     D:7: 827 daAuts
     D:4: 762 daAuts
